 Dungeon Crawl Stone Soup version 0.20.1-1-g8b1a95d (webtiles) character file.

101 markt42 the Shield-Bearer (level 4, 0/28 HPs)
             Began as a Gargoyle Fighter on Oct 31, 2017.
             Slain by an orc wizard
             ... wielding a +0 dagger
              (2 damage)
             ... on level 3 of the Dungeon.
             The game lasted 00:01:36 (1581 turns).

markt42 the Shield-Bearer (Gargoyle Fighter)        Turns: 1581, Time: 00:01:37

Health: 0/28       AC: 13    Str: 19    XL:     4   Next: 75%
Magic:  4/4        EV:  7    Int: 14    God:
Gold:   143        SH:  9    Dex: 10    Spells: 3/3 levels left

rFire    . . .     SeeInvis +   a - +0 flail
rCold    . . .     Gourm    .   c - +0 shield
rNeg     + . .     Faith    .   b - +0 scale mail
rPois    ∞         Spirit   .   (no helmet)
rElec    +         Reflect  .   (no cloak)
rCorr    .         Harm     .   o - +2 pair of gloves
MR       .....                  (no boots)
Stlth    ..........             (no amulet)
Regen    0.1/turn               k - ring of see invisible
MPRegen  0.1/turn               l - +5 ring of intelligence

@: no status effects
A: negative energy resistance 1, electricity resistance, unbreathing,
petrification resistance, rot immunity, AC +3
a: no special abilities


You were on level 3 of the Dungeon.
You were hungry.

You visited 1 branch of the dungeon, and saw 3 of its levels.

You collected 143 gold pieces.

Inventory:

Hand Weapons
 a - a +0 flail (weapon)
Armour
 b - a +0 scale mail (worn)
 c - a +0 shield (worn)
 o - a +2 pair of gloves (worn)
Jewellery
 k - a ring of see invisible (left hand)
 l - a +5 ring of intelligence (right hand)
 p - an uncursed ring of poison resistance {unknown}
Wands
 r - a wand of confusion (22/48)
Scrolls
 e - a scroll of enchant weapon {unknown}
 g - 4 scrolls of remove curse {unknown}
 h - 4 scrolls of identify {unknown}
 i - a scroll of teleportation {unknown}
 j - a scroll of immolation {unknown}
 n - 2 scrolls of random uselessness {unknown}
 s - a scroll of fog {unknown}
 t - a scroll of magic mapping {unknown}
 v - a scroll of recharging {unknown}
Potions
 d - a potion of might
 m - a potion of heal wounds {unknown}
 u - a potion of berserk rage {unknown}
Comestibles
 f - 2 bread rations
 q - a royal jelly


   Skills:
 + Level 3.6 Fighting
 * Level 3.3 Maces & Flails
 * Level 3.8 Armour
 + Level 0.8 Dodging
 + Level 3.9 Shields


You had 3 spell levels left.
You didn't know any spells.

Dungeon Overview and Level Annotations

Branches:
Dungeon (3/15)

Altars:


Innate Abilities, Weirdness & Mutations

You are resistant to torment.
Your stone body is resilient. (AC +3)
You are immune to poison.
You resist negative energy. (rN+)
You are resistant to electric shocks. (rElec)
You can survive without breathing.
You are immune to petrification.
You are immune to rotting.


Message History

The orc wizard is almost dead.
You block the orc wizard's attack.
The orc wizard hits you but does no damage.
Your scale mail prevents you from hitting the orc wizard.
The orc wizard is almost dead.
The orc wizard casts a spell.
The orc wizard blinks!
The orc wizard casts a spell at you. The magic dart hits you!
Things that are here:
a short sword; a ring mail; an orc corpse The orc wizard points at you and mumbles some strange words.
The magic dart hits you!
* * * LOW HITPOINT WARNING * * *
You start resting.
The orc wizard barely misses you.
You closely miss the orc wizard.
The orc wizard is almost dead.
The orc wizard hits you with a dagger.
You die...

#.##(#....# ##.....##
#.##(#....## ##....########
#.##(.....[#####.#.........
#.##......))........#####.
#.##)......#.#.##...#
#.##......#.###.....#
####.####...###.#.##...#
..............##o# #..##
.#######......##@# #..# .#
#..........# #..# ##
##......#### #..# #......#
##..# ########.##.### #...#
.............######...#
###......#...)........#
#.######.#.#######.## #
#.#.# #.#


You could see an orc wizard.

Vanquished Creatures
  An orc priest (D:3)
  2 adders (D:2)
  A dart slug (D:3)
  A worm (D:2)
  A leopard gecko (D:2)
  3 orcs (D:3)
  2 giant cockroaches (D:1)
  5 goblins
  7 hobgoblins
  9 kobolds
  8 bats
  A frilled lizard (D:1)
  3 rats
44 creatures vanquished.

Notes
Turn   | Place    | Note
-------+----------+-------------------------------------------
     0 | D:1      | markt42 the Gargoyle Fighter began the quest for the Orb.
     0 | D:1      | Reached XP level 1. HP: 14/14 MP: 1/1
    46 | D:1      | Reached XP level 2. HP: 19/19 MP: 2/2
   539 | D:2      | Reached XP level 3. HP: 23/23 MP: 3/3
  1295 | D:3      | Reached XP level 4. HP: 28/28 MP: 4/4
  1572 | D:3      | HP: 1/28 [orc wizard/magic dart (5)]
  1581 | D:3      | Slain by an orc wizard

Skill      XL: |  1  2  3 |
---------------+----------+-----
Maces & Flails | 3 |  3.3
Fighting       | |  3.6
Armour         | |  3.8
Dodging        | |  0.8
Shields        | |  3.9

Action                   |  1- 3 |  4- 6 || total
-------------------------+-------+-------++-------
Melee: Flail             |   128 |    51 ||   179
  Eat: Chunk             |     1 |     1 ||     2
Armor: Scale mail        |    68 |    32 ||   100
Dodge: Dodged            |    41 |    18 ||    59
Block: Shield            |    80 |    30 ||   110
